 Dungeon Crawl Stone Soup version 0.25-a0-663-gace7076f2c (webtiles) character file.

Game seed: 7984464883510040050, levelgen mode: deterministic

14684 Eurus the Destroyer (level 11, -4/81 HPs)
             Began as a Mummy Conjurer on Mar 24, 2020.
             Was a Believer of Ashenzari.
             Slain by an eight-headed hydra (7 damage)
             ... on level 1 of the Lair of Beasts.
             The game lasted 00:48:34 (18269 turns).

Eurus the Destroyer (Mummy Conjurer)               Turns: 18269, Time: 00:48:35

Health: -4/81      AC:  9    Str: 12    XL:     11   Next: 92%
Magic:  22/49      EV: 13    Int: 17    God:    Ashenzari [**....]
Gold:   787        SH:  0    Dex: 13    Spells: 23/30 levels left

rFire    x . .     SeeInvis +   w - staff of power (curse)
rCold    + . .     Gourm    .   (no shield)
rNeg     + + +     Faith    .   k - +2 leather armour {MR+} (curse)
rPois    ∞         Spirit   .   b - +0 helmet
rElec    .         Reflect  .   (no cloak)
rCorr    .         Harm     .   q - +0 pair of gloves
MR       ++...                  g - +0 pair of boots
Stlth    ++........             (no amulet)
HPRegen  0.23/turn              d - ring of see invisible
MPRegen  0.31/turn              u - ring of magical power (curse)

@: no status effects
A: no food or potions, fire vulnerability, cold resistance 1, negative energy
resistance 3, torment resistance, unbreathing
a: Curse Item, Scrying, Renounce Religion


You were on level 1 of the Lair of Beasts.
You worshipped Ashenzari.
Ashenzari was pleased with you.
You were not hungry.

You visited 4 branches of the dungeon, and saw 15 of its levels.
You also visited: Ossuary.

You collected 787 gold pieces.

Inventory:

Armour
 b - a +0 helmet (worn)
 g - a +0 pair of boots (worn)
 h - the +3 hat of Pondering {ponderous, MR+ MP+10 Int+5}
   (You found it on level 11 of the Dungeon)

   It affects your intelligence (+5).
   It affects your resistance to hostile enchantments.
   It affects your magic capacity (+10).
 k - a cursed +2 leather armour of magic resistance (worn)
 q - a +0 pair of gloves (worn)
Magical Staves
 w - a cursed staff of power (weapon)
Jewellery
 d - a ring of see invisible (left hand)
 l - an uncursed ring of resist corrosion
 u - a cursed ring of magical power (right hand)
Wands
 c - a wand of acid (12)
 f - a wand of polymorph (8)
 i - a wand of iceblast (8)
 m - a wand of digging (3)
 r - a wand of flame (24)
 t - a wand of random effects (21)
Scrolls
 a - 2 scrolls of remove curse
 e - 2 scrolls of blinking
 j - 3 scrolls of teleportation
 n - 11 scrolls of identify
 o - 3 scrolls of magic mapping
 p - 3 scrolls of enchant armour
 s - a scroll of silence


   Skills:
 + Level 5.9 Fighting
 - Level 4.3 Armour
 + Level 4.5 Dodging
 - Level 1.5 Stealth
 - Level 10.0(12.1) Spellcasting
 * Level 11.1 Conjurations
 + Level 6.6 Translocations


You had 23 spell levels left.
You knew the following spells:

 Your Spells              Type           Power        Failure   Level  Hunger
a - Magic Dart            Conj           ####         1%          1    N/A
b - Searing Ray           Conj           #####.       1%          2    N/A
c - Iskenderun's Mystic   Conj/Tloc      #####...     2%          4    N/A

Your spell library contained the following spells:

 Spells                   Type           Power        Failure   Level  Hunger
 Dazzling Flash           Conj/Hex       ####..       2%          3    N/A
 Portal Projectile        Hex/Tloc       ###...       7%          3    N/A
 Corona                   Hex            ##.....      9%          1    N/A
 Freeze                   Ice            ##..         9%          1    N/A
 Fulminant Prism          Conj/Hex       ####......   9%          4    N/A
 Hailstorm                Conj/Ice       ####....     9%          4    N/A
 Slow                     Hex            ##......     13%         2    N/A
 Frozen Ramparts          Ice            ##....       26%         3    N/A
 Inner Flame              Hex/Fire       ##......     26%         3    N/A
 Ozocubu's Armour         Chrm/Ice       ##......     26%         3    N/A
 Cause Fear               Hex            ##........   65%         4    N/A
 Leda's Liquefaction      Hex/Erth       ##........   65%         4    N/A
 Summon Ice Beast         Ice/Summ       ##......     65%         4    N/A

Dungeon Overview and Level Annotations

Branches:
Dungeon (12/15)            Temple (1/1) D:6            Lair (1/6) D:9
    Orc (1/2) D:9         Ossuary (visited)

Altars:
Ashenzari
Cheibriados
Dithmenos
Elyvilon
Fedhas
Gozag
Hepliaklqana
Kikubaaqudgha
Makhleb
Nemelex Xobeh
Okawaru
Qazlal
Ru
Sif Muna
Trog
Uskayaw
Vehumet
Wu Jian
Xom
Yredelemnul
Zin
The Shining One

Shops:
D:9 !

Portals:
Trove: D:10 (give 14 scrolls of teleportation)

Annotations:
D:2 exclusion: downstairs
D:6 1 runed translucent door
D:8 5 runed translucent doors, 1 exclusion, Harold
D:11 3 runed translucent doors, Anaz's ghost, journeyman DgAE


Innate Abilities, Weirdness & Mutations

You do not eat or drink.
Your flesh is vulnerable to fire.
You are immune to poison.
Your flesh is cold resistant. (rC+)
You are immune to negative energy. (rN+++)
You are immune to unholy pain and torment.
You can survive without breathing.


Message History

Confirm with . or Enter, or press ? or * to list all spells.
You erupt in a blast of force!
The mystic blast hits the eight-headed hydra!
The eight-headed hydra is heavily wounded.
The eight-headed hydra closely misses you. x2
The eight-headed hydra bites you! x4
* * * LOW HITPOINT WARNING * * *
The eight-headed hydra bites you.
* * * LOW HITPOINT WARNING * * *
The eight-headed hydra bites you but does no damage.
Casting: Iskenderun's Mystic Blast (safe; 2% risk of failure)
Confirm with . or Enter, or press ? or * to list all spells.
You erupt in a blast of force!
The mystic blast hits the eight-headed hydra!
The eight-headed hydra is severely wounded.
The eight-headed hydra bites you but does no damage.
The eight-headed hydra bites you!
* * * LOW HITPOINT WARNING * * *
The eight-headed hydra bites you!
You die...

##......#.. #######...#
#.....##.. *......##..#
#.....#.≈ , ........#≈.
#.†.###.#* #.####..##.
#...##..* ≈ ,##.!#.
#....#†# * ,{ ##.##
#...##.#∆ * , , , *..#
##...##D#,,*, *,,* ,
..# #....##@## *≈, ,
^## ##...##..# * %#.
#.....##.## * * ,##.
#......#..##, , ,##≈.
##.....##..##,,,, ##..#
#......#...########...#
#......##..≈..≈≈..≈..##
#....[..#.≈..≈..≈..≈.#.
#.......##...≈..≈...##.


You could see an eight-headed hydra.

Vanquished Creatures
  2 hydras
  Erica (D:9)
  2 cyclopes
  An ugly thing (D:11)
  A manticore (D:11)
  3 spiny frogs (Lair:1)
  2 komodo dragons
  A queen bee (D:8)
  A blink frog (Lair:1)
  A hornet (D:8)
  A slime creature (D:8)
  4 hippogriffs
  A wraith (D:10)
  2 yaks
  An acid dragon (D:11)
  4 porcupines (Lair:1)
  5 orc warriors
  4 water moccasins
  2 sky beasts
  2 black bears
  4 ogres
  2 wolves (Lair:1)
  13 centaurs
  A necrophage (D:6)
  3 crocodiles (Lair:1)
  6 bullfrogs
  2 wyvern zombies
  3 scorpions
  18 killer bees
  6 howler monkeys
  5 crimson imps
  3 centaur zombies (Ossuary)
  2 quasits
  3 jellies
  9 hounds
  10 orc priests
  2 bullfrog skeletons
  3 centaur skeletons
  6 iguanas
  11 orc wizards
  5 worker ants
  A killer bee zombie (D:9)
  2 ogre zombies (Ossuary)
  7 mummies (Ossuary)
  A hound skeleton (D:6)
  A howler monkey skeleton (D:8)
  12 gnolls
  19 adders
  2 shadow imps
  3 oozes
  5 adder zombies (Ossuary)
  6 worms
  2 adder skeletons
  A dart slug (D:3)
  6 leopard geckos
  67 orcs
  5 ball pythons
  2 giant cockroaches
  5 goblins
  6 hobgoblins
  13 jackals
  2 quokkas
  6 bats
  4 frilled lizards
  5 goblin zombies (Ossuary)
  3 hobgoblin zombies (Ossuary)
  10 kobolds
  3 kobold zombies (Ossuary)
  A leopard gecko skeleton (D:7)
  An orc zombie (Ossuary)
  5 quokka zombies
  6 rats
  4 rat zombies (Ossuary)
  A spectral orc (D:4)
375 creatures vanquished.

Vanquished Creatures (others)
  A human (D:4)
  19 plants (D:9)
20 creatures vanquished.

Grand Total: 395 creatures vanquished

Notes
Turn   | Place    | Note
-------+----------+-------------------------------------------
     0 | D:1      | Eurus the Mummy Conjurer began the quest for the Orb.
     0 | D:1      | Reached XP level 1. HP: 13/13 MP: 4/4
   282 | D:1      | Reached XP level 2. HP: 19/19 MP: 3/6
   286 | D:1      | Learned a level 2 spell: Searing Ray
  1081 | D:2      | Noticed an ogre
  1108 | D:2      | Reached XP level 3. HP: 24/24 MP: 4/7
  1166 | D:2      | Reached skill level 4 in Conjurations
  1671 | D:2      | Reached XP level 4. HP: 30/30 MP: 5/9
  1801 | D:2      | Killed an ogre
  1801 | D:2      | Reached skill level 1 in Armour
  1801 | D:2      | Reached XP level 5. HP: 18/35 MP: 2/11
  1915 | D:2      | Found a stormy altar of Qazlal.
  2404 | D:3      | Reached skill level 5 in Conjurations
  2546 | D:3      | Reached XP level 6. HP: 19/41 MP: 3/12
  3524 | D:4      | Reached skill level 1 in Fighting
  3579 | D:4      | Reached skill level 5 in Spellcasting
  3781 | D:4      | Learned a level 4 spell: Iskenderun's Mystic Blast
  3953 | D:4      | Reached XP level 7. HP: 48/48 MP: 4/14
  4465 | D:4      | Found an ancient bone altar of Kikubaaqudgha.
  4465 | D:4      | Noticed a human
  4468 | D:4      | Killed a human
  4529 | D:4      | Found a basalt altar of Yredelemnul.
  4581 | D:5      | Entered Level 5 of the Dungeon
  4606 | D:5      | Found an opulent altar of Gozag.
  4944 | D:5      | Reached skill level 1 in Translocations
  5103 | D:5      | Reached skill level 6 in Conjurations
  5215 | D:5      | Found a sacrificial altar of Ru.
  5668 | D:6      | Reached XP level 8. HP: 31/57 MP: 10/16
  5806 | D:6      | Found a glowing silver altar of Zin.
  5806 | D:6      | Noticed an angel
  5807 | D:6      | Found a runed translucent door.
  5818 | D:6      | Found a sand-covered staircase.
  5823 | Ossuary  | Entered an ossuary
  6873 | D:6      | Found a burning altar of Makhleb.
  7082 | D:6      | Found a staircase to the Ecumenical Temple.
  7094 | Temple   | Entered the Ecumenical Temple
  7428 | D:6      | Found a snail-covered altar of Cheibriados.
  7431 | D:6      | Found an iron altar of Okawaru.
  7432 | D:6      | Found a shadowy altar of Dithmenos.
  7439 | D:6      | Found an ornate altar of the Wu Jian Council.
  7439 | D:6      | Found a shimmering blue altar of Sif Muna.
  8215 | D:7      | Reached skill level 7 in Conjurations
  8275 | D:7      | Found a blossoming altar of Fedhas.
  8576 | D:7      | Reached XP level 9. HP: 65/65 MP: 14/19
  8840 | D:7      | Found a shattered altar of Ashenzari.
  8853 | D:7      | Became a worshipper of Ashenzari the Shackled
  9688 | D:8      | Noticed a five-headed hydra
  9709 | D:8      | Killed a five-headed hydra
  9834 | D:8      | Reached skill level 8 in Conjurations
  9970 | D:8      | Found a runed translucent door.
  9970 | D:8      | Found a runed translucent door.
  9970 | D:8      | Noticed a troll
  9970 | D:8      | Noticed a tengu conjurer
 10265 | D:8      | Reached skill level 5 in Fighting
 10367 | D:8      | Found a runed translucent door.
 10370 | D:8      | Found a runed translucent door.
 10370 | D:8      | Found a runed translucent door.
 10370 | D:8      | Noticed a white ugly thing
 10920 | D:8      | Reached XP level 10. HP: 70/74 MP: 22/22
 11056 | D:8      | Identified the +7 great sword of Terra Nullius {venom,
                  | *Slow rElec rF+ rN+}
 11876 | D:9      | Noticed Erica
 11885 | D:8      | Reached skill level 9 in Conjurations
 12315 | D:9      | Found Keetar's Distillery.
 12347 | D:9      | Found a stormy altar of Qazlal.
 13075 | D:9      | Found a staircase to the Lair.
 13250 | D:9      | Reached * piety under Ashenzari
 13303 | D:9      | Found a staircase to the Orcish Mines.
 13400 | D:8      | Reached skill level 5 in Translocations
 13675 | D:9      | Killed Erica
 13686 | Lair:1   | Entered Level 1 of the Lair of Beasts
 13686 | Lair:1   | Noticed a spiny frog
 13711 | Orc:1    | Entered Level 1 of the Orcish Mines
 13720 | Orc:1    | Noticed an ettin
 13876 | D:10     | Entered Level 10 of the Dungeon
 13958 | D:10     | Found a portal to a secret trove of treasure.
 14442 | D:10     | Found a white marble altar of Elyvilon.
 14535 | D:10     | Reached XP level 11. HP: 79/79 MP: 24/24
 14877 | D:11     | Reached skill level 10 in Conjurations
 15571 | D:11     | Found the +3 hat of Pondering {ponderous, MR+ MP+10 Int+5}
 15893 | D:11     | Noticed a brown ugly thing
 15905 | D:11     | Killed a brown ugly thing
 15905 | D:11     | Reached skill level 10 in Spellcasting
 16237 | D:11     | Found a runed translucent gate.
 16237 | D:11     | Found a runed translucent gate.
 16237 | D:11     | Found an opulent altar of Gozag.
 16237 | D:11     | Noticed a frost giant
 16238 | D:11     | Found a runed translucent gate.
 16239 | D:11     | Noticed Anaz's ghost (journeyman DgAE)
 16692 | D:12     | Reached ** piety under Ashenzari
 17020 | Lair:1   | Noticed Harold
 17810 | Lair:1   | Noticed a five-headed hydra
 17838 | Lair:1   | Killed a five-headed hydra
 18135 | Lair:1   | Reached skill level 11 in Conjurations
 18258 | Lair:1   | Noticed an eight-headed hydra
 18269 | Lair:1   | HP: 3/81 [eight-headed hydra (12)]
 18269 | Lair:1   | Slain by an eight-headed hydra

Levels and vault maps discovered:
D:1:      lightli_arrival_statuegarden, layout_rooms
D:2:      layout_loops_ring, nicolae_qazlal_general_emergency
D:3:      layout_basic, minmay_shallow_snake_nest
D:4:      layout_loops_cross, yredelemnul_forgotten_temple_becter,
          tgw_kikubaaqudgha
D:5:      layout_rooms, nicolae_overflow_crystal_walls, first_ration,
          nicolae_ru_great_annihilating_truth
D:6:      layout_loops_ring, makhleb_blood_cavern_becter,
          minmay_overflow_temple_star_hex, minmay_temple_entry_ruins,
          lightli_ossuary_entry_decrepit_ruins, chequers_hall_statues_wall_a,
          lemuel_angel_altar
D:7:      layout_basic, old_standard_altar, fedhas_bush_and_centaur_altar
D:8:      minmay_the_grid_four_pointed_star
          [minmay_the_grid_triangle_9x9_tough_junction,
          minmay_the_grid_triangle_9x9_longest,
          minmay_the_grid_triangle_9x9_fully_insulated_deathbox,
          minmay_the_grid_triangle_9x9_from_above,
          minmay_the_grid_prize_diamond_cup], layout_rooms, david_nohive_1
D:9:      layout_roguey, david_lair_shrubbed, hiddenorc2_lemuel, basic_altar,
          serial_shops, nicolae_shop_waterfront, uniq_erica
D:10:     layout_cave_pools, trove_entry_hex_spiral, elyvilon_altar_3
D:11:     lemuel_flame_loot_2, layout_small_grid, ebering_ghost_gozag
D:12:     layout_loops_ring, gauntlet_entry_generic,
          minmay_misc_feat_four_crosses, minmay_mirror_moons_of_madness
Temple:   nicolae_temple_figure_zero
Lair:1:   layout_regular_city, nzn_random_ring, uniq_harold
Orc:1:    layout_caves, ebering_ghost_rock_garden

Skill      XL: |  1  2  3  4  5  6  7  8  9 10 11 |
---------------+----------------------------------+-----
Spellcasting   | 3 4 5 6 8 9 10 | 10.0
Conjurations   | 4 5 6 7 8 9 11 | 11.1
Armour         | 1 2 3 4 |  4.3
Fighting       | 1 2 3 5 |  5.9
Translocations | 1 2 4 5 6 |  6.6
Dodging        | 2 4 |  4.5
Stealth        | |  1.5

Action                   |  1- 3 |  4- 6 |  7- 9 | 10-12 || total
-------------------------+-------+-------+-------+-------++-------
Melee: Whip              |    34 |       |       |       ||    34
       Dagger            |     6 |     9 |     3 |       ||    18
       War axe           |       |       |   135 |       ||   135
       Staff             |       |       |       |     7 ||     7
 Cast: Magic Dart        |    41 |    36 |    57 |    74 ||   208
       Searing Ray       |     7 |    31 |    95 |   156 ||   289
       Iskenderun's Myst |       |       |     3 |     3 ||     6
Invok: Curse Item        |       |       |     1 |     2 ||     3
  Use: Scroll            |       |       |     8 |     7 ||    15
 Stab: Sleeping          |       |     1 |     8 |       ||     9
Armor: Robe              |     9 |     5 |       |       ||    14
       Leather armour    |       |     3 |    97 |    73 ||   173
Dodge: Dodged            |    45 |    19 |   164 |   120 ||   348

Table legend:
 A = Non-vault XP
 B = Vault XP
 C = Vault XP percentage of total XP
 D = Non-vault monster count
 E = Vault monster count
 F = Vault count percentage of total count
                 A         B        C        D         E       F
            +---------+---------+-------+---------+---------+-------
      Total |   13221 |    7757 |  37.0 |     264 |     111 |  29.6
            +---------+---------+-------+---------+---------+-------
        D:1 |      36 |       0 |   0.0 |      21 |       0 |   0.0
        D:2 |     209 |       0 |   0.0 |      22 |       0 |   0.0
        D:3 |     276 |      17 |   5.8 |      33 |       3 |   8.3
        D:4 |     376 |       1 |   0.3 |      16 |       1 |   5.9
        D:5 |     322 |      42 |  11.5 |      27 |       4 |  12.9
        D:6 |     551 |     131 |  19.2 |      15 |       2 |  11.8
        D:7 |     624 |     108 |  14.8 |      14 |       1 |   6.7
        D:8 |    1410 |    2995 |  68.0 |      24 |      22 |  47.8
        D:9 |     680 |    1622 |  70.5 |      17 |      33 |  66.0
       D:10 |    1211 |       0 |   0.0 |      18 |       0 |   0.0
       D:11 |    3749 |       0 |   0.0 |      25 |       0 |   0.0
       D:12 |    1633 |       0 |   0.0 |      16 |       0 |   0.0
     Lair:1 |    2056 |    2488 |  54.8 |      12 |       8 |  40.0
      Orc:1 |      88 |       0 |   0.0 |       4 |       0 |   0.0
    Ossuary |       0 |     353 | 100.0 |       0 |      37 | 100.0
            +---------+---------+-------+---------+---------+-------
